 Dungeon Crawl Stone Soup version 0.28.0-49-g6dfe1f597d (webtiles) character file.

Game seed: 17901936192123284247

1167 pkoi the Gusty (level 7, -11/50 HPs)
             Began as a Demigod Air Elementalist on May 18, 2022.
             Mangled by Duvessa
             ... wielding a +0 short sword
              (19 damage)
             ... on level 6 of the Dungeon.
             The game lasted 00:04:50 (7284 turns).

pkoi the Gusty (Demigod Air Elementalist)           Turns: 7284, Time: 00:04:51

Health: -11/50     AC:  3    Str:  9    XL:     7   Next: 96%
Magic:  12/14      EV: 12    Int: 25    God:
Gold:   122        SH:  0    Dex: 14    Spells: 2/12 levels left

rFire   . . .      SeeInvis .   r - +2 dagger (venom)
rCold   . . .      Faith    .   (no shield)
rNeg    . . .      Spirit   .   a - +0 robe
rPois   .          Reflect  .   (no helmet)
rElec   .          Harm     .   p - +0 cloak
rCorr   .          Rampage  .   (no gloves)
Will    .....                   (no boots)
Stlth   ++........              j - amulet of magic regeneration
HPRegen 0.16/turn               (no ring)
MPRegen 0.54/turn               (no ring)

@: no status effects
A: high MP 1, forlorn, divine attributes
a: no special abilities


You were on level 6 of the Dungeon.
You visited 1 branch of the dungeon, and saw 5 of its levels.

You collected 122 gold pieces.

Inventory:

Hand Weapons
 b - a +0 scimitar
 c - a +0 dagger
 d - a +1 whip of flaming
 q - a +1 whip of freezing
 r - a +2 dagger of venom (weapon)
Armour
 a - a +0 robe (worn)
 p - a +0 cloak (worn)
Jewellery
 j - an amulet of magic regeneration (around neck)
Wands
 t - a wand of digging (2)
Scrolls
 e - a scroll of vulnerability {unknown}
 g - a scroll of identify {unknown}
 h - a scroll of holy word {unknown}
 i - a scroll of silence {unknown}
 k - a scroll of enchant weapon {unknown}
 m - a scroll of blinking {unknown}
 n - a scroll of amnesia {unknown}
 s - a scroll of fog {unknown}
Potions
 f - 3 potions of might {unknown}
 l - a potion of berserk rage
 o - a potion of magic {unknown}
 u - a potion of invisibility {unknown}


   Skills:
 - Level 1.7 Dodging
 - Level 1.7 Stealth
 - Level 3.0 Spellcasting
 + Level 4.7 Conjurations
 * Level 7.5 Air Magic


You had 2 spell levels left.
You knew the following spells:

 Your Spells              Type           Power      Damage    Failure   Level
a - Shock                 Conj/Air       100%       1d9       1%          1
b - Static Discharge      Conj/Air       34%        N/A       1%          2
c - Swiftness             Air            41%        N/A       1%          3
d - Airstrike             Air            20%        N/A       4%          4

Your spell library contained the following spells:

 Spells                   Type           Power      Damage    Failure   Level
 Magic Dart               Conj           100%       1d8       1%          1
 Call Imp                 Summ           3%         N/A       16%         2
 Mephitic Cloud           Conj/Pois/Air  24%        N/A       5%          3
 Chain Lightning          Conj/Air       17%        3d22      100%        9
 Fire Storm               Conj/Fire      7%         8d2       100%        9
 Shatter                  Erth           1%         3d6*      100%        9


Dungeon Overview and Level Annotations

Branches:
Dungeon (4/15)
 Temple: D:4-7

Annotations:
D:6 Dowan, Duvessa


Innate Abilities, Weirdness & Mutations

You have an increased reservoir of magic. (+10% MP)
You shall have no god before yourself.
Your divine heritage dramatically boosts your attributes as you level up.


Message History

The orc hits you with a +0 hand axe.
* * * LOW HITPOINT WARNING * * *
Duvessa hits you with a +0 short sword!
* * * LOW HITPOINT WARNING * * *
The orc hits you with a +0 dagger.
* * * LOW HITPOINT WARNING * * *
The orc priest hits you with a +0 short sword.
* * * LOW HITPOINT WARNING * * *
The orc hits you with a +0 short sword.
* * * LOW HITPOINT WARNING * * *
The orc priest looks braver for a moment.
Dowan barely misses you.
Unknown command.
Casting: Shock (safe; 1% risk of failure)
Confirm with . or Enter, or press ? or * to list all spells.
The orc priest is struck by an arc of lightning.
The orc priest is moderately wounded.
The orc is struck by an arc of lightning.
The orc is heavily wounded.
The orc is struck by an arc of lightning.
You kill the orc!
The lightning grounds out.
Duvessa is struck by an arc of lightning.
Duvessa is lightly wounded.
Dowan is struck by an arc of lightning.
Dowan is lightly wounded.
You are struck by an arc of lightning.
* * * LOW HITPOINT WARNING * * *
The lightning grounds out.
The orc is struck by an arc of lightning!
You kill the orc!
You are struck by an arc of lightning.
* * * LOW HITPOINT WARNING * * *
Duvessa is struck by an arc of lightning!
Duvessa is moderately wounded.
The lightning grounds out.
Duvessa closely misses you. The orc priest barely misses you.
The orc hits you but does no damage. The orc priest barely misses you.
Duvessa hits you with a +0 short sword!!
You die...

#...# #...#
#...# #.).#
#...#
##...######
#..!......#
#.o.e.....#
#.o@e.....#
#.))o.....#
#.|.......#
###.#######
#.# #.# #..
#$#


You could see Duvessa (berserk), Dowan, 2 orc priests and an orc.

Vanquished Creatures
  Pikel (D:3)
  Menkaure (D:4)
  An orc warrior (D:4)
  A black bear (D:4)
  A lemure (D:3)
  A scorpion (D:4)
  2 hounds (D:4)
  Crazy Yiuf (D:3)
  Natasha (thrice) (D:4)
  A hound skeleton (D:4)
  Robin (D:4)
  4 adders
  5 worms
  2 dart slugs
  9 orcs
  9 bats
  2 endoplasms
  4 giant cockroaches
  8 hobgoblins
  2 jackals (D:1)
  8 kobolds
  3 quokkas
  7 ball pythons
  2 frilled lizards
  18 goblins
  A rat (D:1)
98 creatures vanquished.

Notes
Turn   | Place    | Note
-------+----------+-------------------------------------------
     0 | D:1      | pkoi the Demigod Air Elementalist began the quest for the
                  | Orb.
     0 | D:1      | Reached XP level 1. HP: 14/14 MP: 5/5
   144 | D:1      | Reached skill level 3 in Air Magic
   852 | D:1      | Reached XP level 2. HP: 20/20 MP: 4/7
   855 | D:1      | Learned a level 2 spell: Static Discharge
  2517 | D:2      | Reached XP level 3. HP: 26/26 MP: 6/8
  2973 | D:2      | Reached skill level 4 in Air Magic
  3015 | D:2      | Learned a level 3 spell: Swiftness
  3134 | D:2      | Reached skill level 1 in Conjurations
  3968 | D:3      | Reached XP level 4. HP: 23/33 MP: 7/10
  4874 | D:3      | Found a runed translucent door.
  4875 | D:3      | Noticed Crazy Yiuf
  4883 | D:3      | Killed Crazy Yiuf
  5183 | D:4      | Noticed a lemure
  5186 | D:4      | Noticed Pikel
  5197 | D:4      | Noticed a lemure
  5201 | D:3      | Killed a lemure
  5467 | D:3      | Killed Pikel
  5468 | D:3      | Reached skill level 6 in Air Magic
  5468 | D:3      | Reached XP level 5. HP: 8/38 MP: 1/12
  5468 | D:3      | Reached XP level 6. HP: 9/45 MP: 1/13
  5811 | D:4      | Reached XP level 7. HP: 42/50 MP: 7/14
  6076 | D:4      | Learned a level 4 spell: Airstrike
  6076 | D:4      | Noticed Robin
  6081 | D:4      | Killed Robin
  6764 | D:4      | Noticed Natasha
  6768 | D:4      | Killed Natasha
  6780 | D:4      | Noticed Natasha
  6785 | D:4      | Killed Natasha
  6786 | D:4      | Reached skill level 7 in Air Magic
  6887 | D:4      | Noticed Natasha
  6893 | D:4      | Killed Natasha
  6977 | D:4      | Noticed Menkaure
  6981 | D:4      | Killed Menkaure
  7280 | D:4      | You fall into a shaft and drop 2 floors!
  7280 | D:6      | Noticed Duvessa
  7280 | D:6      | Noticed Dowan
  7284 | D:6      | Mangled by Duvessa

Illustrated notes

Levels and vault maps discovered:
D:1:      minmay_arrival_wavy_path, layout_basic,
          dreamdust_ecumenical_altar_angels_and_demons, minmay_splitting_lines,
          grunt_decor_resistance
D:2:      layout_basic
D:3:      layout_loops_corners, slow_altar_1, uniq_crazy_yiuf_cottage
D:4:      layout_loops_cross, uniq_robin, uniq_natasha, uniq_menkaure,
          uniq_pikel
D:6:      layout_basic, minmay_temple_entry_grid, uniq_duvessa

Skill      XL: |  1  2  3  4  5  6  7 |
---------------+----------------------+-----
Air Magic      | 3 4 6 7 |  7.5
Spellcasting   | 2 3 |  3.0
Conjurations   | 1 3 4 |  4.7
Dodging        | |  1.7
Stealth        | |  1.7

Action                   |  1- 3 |  4- 6 |  7- 9 || total
-------------------------+-------+-------+-------++-------
Melee: Whip              |    12 |     1 |     2 ||    15
       Dagger            |       |       |     3 ||     3
 Cast: Shock             |   110 |    49 |    54 ||   213
       Static Discharge  |     2 |    11 |    14 ||    27
       Airstrike         |       |       |     3 ||     3
Armor: Robe              |     1 |       |     3 ||     4
Dodge: Dodged            |    17 |     7 |    14 ||    38
